 Dungeon Crawl Stone Soup version 0.20.1-1-g8b1a95d (webtiles) character file.

41282 QuCean the Severer (level 13, -2/119 HPs)
             Began as a Minotaur Fighter on Oct 11, 2017.
             Was a High Priest of Okawaru.
             Slain by an orc knight
             ... wielding a +0 war axe
              (19 damage)
             ... on level 2 of the Orcish Mines on Oct 12, 2017.
             The game lasted 01:35:09 (22436 turns).

QuCean the Severer (Minotaur Fighter)              Turns: 22436, Time: 01:35:09

Health: -2/119     AC: 23    Str: 25    XL:     13   Next: 79%
Magic:  13/15      EV: 13    Int:  5    God:    Okawaru [*****.]
Gold:   1615       SH: 15    Dex: 14    Spells: 12/12 levels left

rFire    + + .     SeeInvis +   t - +2 war axe (freeze)
rCold    . . .     Gourm    .   a - +0 shield
rNeg     . . .     Faith    +   O - +0 plate armour {rF+}
rPois    .         Spirit   .   z - +0 hat
rElec    .         Reflect  .   L - scarf {cloud immunity}
rCorr    .         Harm     .   T - +1 pair of gloves {Dex+3}
MR       .....                  F - +1 pair of boots
Stlth    ..........             y - amulet of faith
Regen    0.3/turn               q - ring of see invisible
MPRegen  0.2/turn               b - ring of protection from fire

@: heroism
A: retaliatory headbutt, horns 2
a: Heroism, Finesse, Renounce Religion


You were on level 2 of the Orcish Mines.
You worshipped Okawaru.
Okawaru was extremely pleased with you.
You were not hungry.

You visited 3 branches of the dungeon, and saw 14 of its levels.

You collected 1615 gold pieces.

Inventory:

Hand Weapons
 t - a +2 war axe of freezing (weapon)
 Q - a +3 executioner's axe of electrocution
Armour
 a - a +0 shield (worn)
 z - a +0 hat (worn)
 F - a +1 pair of boots (worn)
 L - a scarf of cloud immunity (worn)
 O - a +0 plate armour of fire resistance (worn)
 T - a +1 pair of gloves of dexterity (worn)
Jewellery
 b - a ring of protection from fire (right hand)
 c - an uncursed ring of ice
 h - an uncursed ring of poison resistance
 q - a ring of see invisible (left hand)
 y - an amulet of faith (around neck)
 J - an uncursed ring of protection from magic
 M - an uncursed ring of resist corrosion
Wands
 s - a wand of disintegration (12/24)
 D - a wand of iceblast (5/15)
Scrolls
 g - a scroll of random uselessness {unknown}
 i - 4 scrolls of amnesia
 k - 2 scrolls of enchant armour {unknown}
 l - a scroll of acquirement {unknown}
 n - a scroll of magic mapping {unknown}
 o - 5 scrolls of remove curse
 v - a scroll of fear {unknown}
 w - a scroll of noise {unknown}
 x - 2 scrolls of recharging
 I - 2 scrolls of immolation {unknown}
Potions
 d - a potion of might
 e - 4 potions of lignification
 f - 4 potions of brilliance {unknown}
 j - 2 potions of invisibility {unknown}
 m - a potion of cancellation {unknown}
 p - 3 potions of agility
 r - a potion of ambrosia {unknown}
 u - 4 potions of curing
 A - 4 potions of degeneration {unknown}
 G - 3 potions of heal wounds {unknown}
 H - a potion of flight {unknown}
Books
 K - a book of Alchemy

   Spells                             Type                      Level
   a - Sublimation of Blood           Necromancy                   2
   b - Ignite Poison                  Fire/Transmutation/Poison    3
   c - Petrify                        Transmutation/Earth          4
   d - Alistair's Intoxication        Transmutation/Poison         5
   e - Irradiate                      Conjuration/Transmutation    5
 U - a book of Death

   Spells                             Type                      Level
   a - Corpse Rot                     Necromancy                   2
   b - Sublimation of Blood           Necromancy                   2
   c - Agony                          Necromancy                   5
   d - Dispel Undead                  Necromancy                   5
   e - Excruciating Wounds            Charms/Necromancy            5
   f - Bolt of Draining               Conjuration/Necromancy       5
 V - a book of Geomancy

   Spells                             Type                      Level
   a - Sandblast                      Earth                        1
   b - Passwall                       Transmutation/Earth          2
   c - Stone Arrow                    Conjuration/Earth            3
   d - Petrify                        Transmutation/Earth          4
   e - Lee's Rapid Deconstruction     Earth                        5
Miscellaneous
 N - a lamp of fire
Comestibles
 E - a meat ration
 P - 3 bread rations
 R - 6 fruits
 S - 4 royal jellies


   Skills:
 + Level 12.6(17.6) Fighting
 + Level 16.3(21.3) Axes
 + Level 12.7(17.7) Armour
 + Level 5.2(10.2) Dodging
 + Level 2.2(7.2) Stealth
 + Level 13.1(18.1) Shields
 + Level 4.2 Invocations


You had 12 spell levels left.
You didn't know any spells.

Dungeon Overview and Level Annotations

Branches:
Dungeon (11/15)            Temple (0/1) D:6            Lair (1/6) D:8
    Orc (2/2) D:11            Elf (0/3) Orc:2

Altars:
Dithmenos
Elyvilon
Kikubaaqudgha
Okawaru
Qazlal
Trog
Xom
The Shining One

Shops:
D:4 =   Orc:2 !!

Annotations:
D:7 1 runed door


Innate Abilities, Weirdness & Mutations

You reflexively headbutt those who attack you in melee.
You have a pair of horns on your head.


Message History

The orc knight roars a battlecry!
The orc priest goes into a battle-frenzy!
* * * LOW HITPOINT WARNING * * *
You feel sick.
There is a lethal amount of poison in your body!
You feel better.
The orc knight roars a battlecry!
Things that are here:
a war axe; an orc corpse You start resting.
An orc knight is nearby!
You feel more confident with your borrowed prowess.
You block the orc knight's attack.
You closely miss the orc knight.
You headbutt the orc knight, but do no damage.
You slice the orc knight!! You freeze the orc knight!
Your headbutt misses the orc knight.
The orc knight is heavily wounded.
The orc knight hits you with a war axe!!
You die...

....##.....## ##...#.#.#.))###..
#''###......# #......)...[)[###.
....#.......###).#.#.....#)#(.###
..)[)#.....###.)##...)#..))##..##
.)).......###(.###...###...###..#
...).....###(.###..6## ##o..###..
.........##..###...## ##...###.
........).).###..o## ##...###
...........###..@## ##...##
..........###.#.##. ##6#.#
##.##....###...# ..# # ##...
#.###....###.# #..# #. ##o#.#
#... #.....### #..###. ##)).##
....###.#...# #..#..##.).###
...## ####..## . #6oo##o))###.
... ... #...#.#)#o).###.. ..#
##.## #....)o6..###...


You could see an orc knight and an infernal demonspawn.

Vanquished Creatures
  An orc warlord (Orc:2)
  Snorg (D:11)
  Josephine (D:11)
  The ghost of prolog the Warrior, a journeyman GrBe of Trog (D:11)
  Fannar (D:11)
  9 two-headed ogres
  2 orc high priests (Orc:2)
  A soul eater (Orc:2)
  A torturous demonspawn (Orc:2)
  6 orc knights
  2 ugly things (D:11)
  6 orc sorcerers
  A wolf spider (Lair:1)
  A black mamba (Lair:1)
  Maurice (D:8)
  A spiny frog (Lair:1)
  A centaur skeleton (D:11)
  An orange demon (Orc:2)
  3 komodo dragons (Lair:1)
  An ice devil (Orc:2)
  The ghost of nano the Insei, a novice OpTm (D:4)
  2 hellwings (Orc:2)
  4 trolls
  2 hornets
  2 dream sheep (D:9)
  A ynoxinul (Orc:2)
  5 hippogriffs
  2 wyverns (D:9)
  4 wraiths (D:11)
  16 yaks
  2 basilisks (Lair:1)
  A chaos spawn (Orc:2)
  2 wargs (Orc:2)
  Menkaure (D:6)
  An acid dragon (D:10)
  2 water moccasins (D:7)
  A porcupine (Lair:1)
  A phantom (D:10)
  A sky beast (D:6)
  60 orc warriors
  An ice beast (D:10)
  A black bear (D:9)
  A necrophage (D:7)
  4 ogres
  4 centaurs
  2 crocodiles (Lair:1)
  8 wolves
  4 big kobolds
  15 bullfrogs
  6 scorpions
  11 killer bees
  5 wights (D:11)
  7 crimson imps
  A bullfrog zombie (D:5)
  2 centaur zombies
  A jelly (D:6)
  A quasit (D:11)
  12 hounds
  22 orc priests
  28 orc wizards
  A bullfrog skeleton (D:8)
  3 iguanas
  11 worker ants
  3 hound zombies
  A worker ant zombie (D:8)
  A howler monkey zombie (D:7)
  19 adders
  11 gnolls
  4 shadow imps
  4 white imps (D:9)
  2 adder skeletons
  3 worms
  A dart slug (D:3)
  3 leopard geckos
  115 orcs
  11 bats
  4 giant cockroaches
  7 goblins
  3 hobgoblins (D:3)
  13 jackals
  5 quokkas
  2 ball pythons
  3 frilled lizards
  16 kobolds
  A quokka zombie (D:5)
  6 rats
  2 plants (Lair:1)
544 creatures vanquished.

Vanquished Creatures (others)
  An orc (Orc:1)
  A fungus (Lair:1)
  7 plants (Lair:1)
9 creatures vanquished.

Grand Total: 553 creatures vanquished

Notes
Turn   | Place    | Note
-------+----------+-------------------------------------------
     0 | D:1      | QuCean the Minotaur Fighter began the quest for the Orb.
     0 | D:1      | Reached XP level 1. HP: 19/19 MP: 0/0
   306 | D:1      | Reached XP level 2. HP: 27/27 MP: 1/1
   978 | D:2      | Found a bloodstained altar of Trog.
  1052 | D:2      | Found an iron altar of Okawaru.
  1060 | D:2      | Became a worshipper of Warmaster Okawaru
  1152 | D:2      | Reached skill level 3 in Axes
  1152 | D:2      | Reached XP level 3. HP: 33/33 MP: 2/2
  1720 | D:2      | Noticed a bullfrog
  1731 | D:2      | Killed a bullfrog
  1731 | D:2      | Reached skill level 4 in Axes
  1731 | D:2      | Reached XP level 4. HP: 19/40 MP: 3/3
  2473 | D:3      | Found a white marble altar of Elyvilon.
  2479 | D:3      | Found an ancient bone altar of Kikubaaqudgha.
  2582 | D:3      | Found a stormy altar of Qazlal.
  2636 | D:3      | Reached XP level 5. HP: 46/46 MP: 4/4
  2642 | D:3      | Reached * piety under Okawaru
  2642 | D:3      | Reached skill level 5 in Axes
  2757 | D:3      | Reached skill level 1 in Dodging
  3048 | D:3      | Reached XP level 6. HP: 35/52 MP: 5/5
  3476 | D:4      | Reached skill level 5 in Shields
  3486 | D:3      | Reached skill level 6 in Axes
  3959 | D:4      | Noticed nano's ghost (novice OpTm)
  3971 | D:4      | Killed nano's ghost
  3971 | D:4      | Reached ** piety under Okawaru
  3971 | D:4      | Reached skill level 7 in Axes
  3971 | D:4      | Reached skill level 5 in Armour
  3971 | D:4      | Reached XP level 7. HP: 42/60 MP: 6/6
  3980 | D:4      | Found Igudedig's Jewellery Emporium.
  4753 | D:5      | Entered Level 5 of the Dungeon
  5011 | D:5      | Found a shadowy altar of Dithmenos.
  5059 | D:5      | Reached skill level 5 in Fighting
  5169 | D:5      | Reached skill level 8 in Axes
  5199 | D:5      | Reached XP level 8. HP: 59/68 MP: 7/7
  5454 | D:6      | Reached *** piety under Okawaru
  5586 | D:6      | Reached skill level 1 in Stealth
  5608 | D:6      | Reached skill level 9 in Axes
  5708 | D:6      | Found a staircase to the Ecumenical Temple.
  6375 | D:6      | Noticed Menkaure
  6381 | D:6      | Killed Menkaure
  6589 | D:6      | Reached **** piety under Okawaru
  6851 | D:6      | Found a shimmering altar of Xom.
  6930 | D:7      | Reached skill level 10 in Axes
  7206 | D:7      | Reached XP level 9. HP: 75/75 MP: 8/8
  7208 | D:7      | Found a bloodstained altar of Trog.
  7346 | D:7      | Found a runed door.
  7346 | D:7      | Found a glowing golden altar of the Shining One.
  7346 | D:7      | Noticed an angel
  8945 | D:8      | Noticed a two-headed ogre
  8961 | D:8      | Killed a two-headed ogre
  8961 | D:8      | Reached skill level 11 in Axes
  8961 | D:8      | Reached skill level 1 in Invocations
  8969 | D:8      | Reached ***** piety under Okawaru
  9011 | D:8      | Reached XP level 10. HP: 57/86 MP: 6/9
  9114 | D:8      | Noticed Maurice
  9627 | D:8      | Killed Maurice
 10127 | D:8      | Paralysed by a hornet for 3 turns
 10628 | D:8      | Found a staircase to the Lair.
 10651 | Lair:1   | Entered Level 1 of the Lair of Beasts
 10709 | Lair:1   | Received a gift from Okawaru
 10709 | Lair:1   | Reached skill level 12 in Axes
 10717 | Lair:1   | Noticed a black mamba
 10717 | Lair:1   | Noticed a wolf spider
 10760 | Lair:1   | Killed a black mamba
 10764 | Lair:1   | Killed a wolf spider
 10764 | Lair:1   | Reached skill level 10 in Armour
 11444 | Lair:1   | Reached XP level 11. HP: 8/95 MP: 5/11
 11669 | Lair:1   | Received a gift from Okawaru
 13027 | Lair:1   | Noticed a four-headed hydra
 13881 | D:9      | Reached skill level 10 in Shields
 13952 | D:9      | Noticed a two-headed ogre
 13964 | D:9      | Killed a two-headed ogre
 13964 | D:9      | Reached skill level 13 in Axes
 14099 | D:9      | Noticed a seven-headed hydra
 14150 | D:10     | Entered Level 10 of the Dungeon
 14804 | D:10     | Noticed a two-headed ogre
 14816 | D:10     | Killed a two-headed ogre
 15119 | D:10     | Paralysed by a hornet for 1 turns
 15377 | D:10     | Noticed a two-headed ogre
 15387 | D:10     | Killed a two-headed ogre
 15992 | D:10     | Identified the Catalogue of Translocation
 16321 | D:9      | Noticed a three-headed hydra
 16874 | D:11     | Noticed a purple ugly thing
 16882 | D:11     | Killed a purple ugly thing
 16882 | D:11     | Received a gift from Okawaru
 16882 | D:11     | Reached XP level 12. HP: 106/106 MP: 10/13
 16955 | D:11     | Noticed Snorg
 16969 | D:11     | Killed Snorg
 16969 | D:11     | Reached skill level 10 in Fighting
 16973 | D:11     | Reached skill level 14 in Axes
 16999 | D:11     | Noticed Josephine
 17259 | D:11     | Noticed prolog's ghost (journeyman GrBe)
 17264 | D:11     | Noticed a two-headed ogre
 17270 | D:11     | Killed Josephine
 17279 | D:11     | Killed a two-headed ogre
 17310 | D:11     | Killed prolog's ghost
 17437 | D:11     | Noticed a two-headed ogre
 17456 | D:11     | Killed a two-headed ogre
 18094 | D:11     | Received a gift from Okawaru
 18128 | D:11     | Noticed Fannar
 18142 | D:11     | Killed Fannar
 18184 | D:11     | Found a staircase to the Orcish Mines.
 18200 | Orc:1    | Entered Level 1 of the Orcish Mines
 18200 | Orc:1    | Noticed a two-headed ogre
 18507 | Orc:1    | Killed a two-headed ogre
 18975 | Orc:1    | Received a gift from Okawaru
 19078 | Orc:2    | Entered Level 2 of the Orcish Mines
 19286 | Orc:2    | Reached skill level 15 in Axes
 19295 | Orc:2    | Found Ynoc's Distillery.
 19296 | Orc:2    | Found Ziluem's Distillery.
 19625 | Orc:2    | Found a staircase to the Elven Halls.
 19643 | Orc:2    | Noticed a two-headed ogre
 19652 | Orc:2    | Reached XP level 13. HP: 112/116 MP: 9/14
 19656 | Orc:2    | Reached skill level 5 in Dodging
 19716 | Orc:2    | Noticed an orc warlord
 19732 | Orc:2    | Noticed an orc warlord
 19741 | Orc:2    | Killed an orc warlord
 20730 | Orc:2    | Received a gift from Okawaru
 21789 | Orc:2    | Paralysed by an orc sorcerer for 3 turns
 22079 | Orc:2    | Reached skill level 16 in Axes
 22358 | Orc:2    | Paralysed by an orc sorcerer for 3 turns
 22415 | Orc:2    | HP: 3/119 [orc priest/divine providence (15)]
 22416 | Orc:2    | HP: 1/119 [poisoned by a torturous demonspawn]
 22436 | Orc:2    | Slain by an orc knight

Skill      XL: |  1  2  3  4  5  6  7  8  9 10 11 12 13 |
---------------+----------------------------------------+-----
Shields        | 4 5 6 7 9 10 12 13 | 13.1
Axes           | 3 4 5 7 8 10 11 12 13 15 16 | 16.3
Armour         | 4 5 6 7 9 10 11 12 | 12.7
Fighting       | 4 5 7 8 9 11 12 | 12.6
Dodging        | 1 2 3 4 5 |  5.2
Stealth        | 1 2 |  2.2
Invocations    | 1 2 3 4 |  4.2

Action                   |  1- 3 |  4- 6 |  7- 9 | 10-12 | 13-15 || total
-------------------------+-------+-------+-------+-------+-------++-------
Melee: War axe           |   101 |   107 |   107 |    52 |   294 ||   661
       Headbutt          |    13 |    10 |    53 |   188 |    86 ||   350
       Hand axe          |       |       |   182 |   713 |       ||   895
       Executioner's axe |       |       |       |    20 |       ||    20
Invok: Heroism           |       |       |    10 |    42 |    13 ||    65
       Finesse           |       |       |       |     3 |       ||     3
  Use: Scroll            |       |     3 |     7 |     8 |     1 ||    19
       Potion            |       |       |       |     4 |     4 ||     8
  Eat: Bread ration      |     1 |     1 |     2 |     2 |       ||     6
       Chunk             |       |       |     9 |     6 |     8 ||    23
       Meat ration       |       |       |       |     2 |       ||     2
       Fruit             |       |       |       |     7 |     1 ||     8
       Royal jelly       |       |       |       |     1 |       ||     1
Armor: Scale mail        |    81 |    33 |       |       |       ||   114
       Chain mail        |       |    16 |    97 |   223 |       ||   336
       Plate armour      |       |       |       |    89 |    70 ||   159
Dodge: Dodged            |    44 |    40 |    72 |   267 |    89 ||   512
Block: Shield            |    80 |    49 |   152 |   542 |   218 ||  1041
